 Dungeon Crawl Stone Soup version 0.31-a0-600-g62dffe198b (webtiles) character file.

Game seed: 12338633856448592296

144 Descartes the Scratcher (level 5, -1/22 HPs)
             Began as a Felid Shapeshifter on Aug 21, 2023.
             Slain by an iguana (9 damage)
             ... on level 3 of the Dungeon.
             The game lasted 00:04:05 (2739 turns).

Descartes the Scratcher (Felid Shapeshifter)        Turns: 2739, Time: 00:04:05

Health: -1/22      AC:  5    Str: 13    XL:     5   Next: 5%
Magic:  6/6        EV: 18    Int:  9    God:
Gold:   177        SH:  0    Dex: 17    Spells: 4/4 levels left
                                        Lives:  0   Deaths: 1

rFire   . .          .
                       - Unarmed
rCold   . . .        (shield unavailable)
rNeg    . . .        (body armour unavailable)
rPois   .            (helmet unavailable)
rElec   .            (cloak unavailable)
rCorr   .            (gloves unavailable)
SInv    +            (boots unavailable)
Will    .....        (no amulet)
Stlth   ++           B - +4 ring of protection
HPRegen 0.23/turn    (no ring)
MPRegen 0.10/turn

%: no passive effects
@: beast-form, quick
A: beast (slay +2), very small, claws 1, fangs 3, see invisible, speed 1, shaggy
fur 1, stealthy paws, no weapons or thrown items, no armour, multi-lived
a: Begin Untransformation


You were on level 3 of the Dungeon.
You were a hulking beast.
You visited 1 branch of the dungeon, and saw 4 of its levels.

You collected 177 gold pieces.

Inventory:

Jewellery
 h - a ring of fire
 B - a +4 ring of protection (left paw)
 C - a +6 ring of strength
Talismans
 b - a beast talisman (active)
 c - a flux talisman
 n - a flux talisman
 w - a serpent talisman
Wands
 x - a wand of acid (7)
Scrolls
 f - a scroll of blinking {unknown}
 i - 2 scrolls of silence {unknown}
 o - a scroll of revelation {unknown}
 p - a scroll of fog {unknown}
 s - a scroll of teleportation {unknown}
 u - a scroll of immolation {unknown}
 v - a scroll of amnesia {unknown}
 y - a scroll of vulnerability {unknown}
 A - 2 scrolls of identify {unknown}
Potions
 a - a potion of lignification
 d - a potion of berserk rage {unknown}
 e - 2 potions of ambrosia {unknown}
 g - 2 potions of brilliance {unknown}
 j - a potion of degeneration {unknown}
 k - 2 potions of cancellation {unknown}
 l - 2 potions of magic {unknown}
 m - 3 potions of curing {unknown}
 q - a potion of haste {unknown}
 r - a potion of invisibility {unknown}
 t - a potion of enlightenment {unknown}
 z - 2 potions of might {unknown}
 D - 2 potions of heal wounds {unknown}
 E - a potion of attraction {unknown}


   Skills:
 + Level 2.1 Fighting
 + Level 3.9 Dodging
 + Level 2.7 Stealth
 * Level 4.5 Unarmed Combat
 + Level 3.8 Shapeshifting


You had 4 spell levels left.
You didn't know any spells.
Your spell library contained the following spells:

 Spells                   Type           Power      Damage    Failure   Level
 Ignite Poison            Fire/Tmut/Pois 0%         N/A       77%         3
 Sticky Flame             Conj/Fire      0%         2d3       99%         4
 Ignition                 Fire           0%         3d3       100%        8


Dungeon Overview and Level Annotations

Branches:
Dungeon (4/15)
 Temple: D:4-7

Altars:
Sif Muna

Annotations:
D:4 Sigmund


Innate Abilities, Weirdness & Mutations

You are a hulking beast.
Your limbs bulge with bestial killing power. (Slay +2)
You have sharp claws.
You have razor-sharp teeth.
You have supernaturally acute eyesight. (SInv)
You cover ground quickly. (Speed+)
You are covered in fur. (AC +1)
Your paws help you pounce on unaware monsters.
You are incapable of wielding weapons or throwing items.
You cannot wear armour.
You gain extra lives every three experience levels.


Message History

The gnoll closely misses you. The gnoll hits you with a +0 club.
The gnoll closely misses you. The gnoll attacks as it pursues you!
The gnoll barely misses you.
There is a stone staircase leading up here.
You climb upwards.
There is a stone staircase leading down here.
HP restored.
Done exploring.
You climb downwards.
Level annotation: Sigmund The gnoll completely misses you. x2; The gnoll closely misses you. x2
There is a stone staircase leading up here.
The iguana barely misses you. The gnoll misses you.
The gnoll barely misses you.
You climb upwards.
There is a stone staircase leading down here.
You closely miss the gnoll. The gnoll hits you with a +0 club.
The iguana bites you but does no damage.
You scratch the gnoll. You bite the gnoll, but do no damage.
The gnoll is lightly wounded.
The iguana completely misses you. The gnoll hits you with a +0 club.
You claw the gnoll!
The gnoll is severely wounded.
The gnoll barely misses you. The iguana bites you.
You closely miss the gnoll.
The gnoll is severely wounded.
You scratch the gnoll but do no damage.
The gnoll is severely wounded.
The gnoll misses you. The iguana bites you!
Ouch! That really hurt!
You claw the gnoll!
You kill the gnoll!
The iguana completely misses you.
You have reached level 5!
You feel agile. The iguana completely misses you.
You see here a +0 club.
Unknown command.
The iguana attacks as it pursues you! The iguana bites you!
You die...

#........##..##).......###...
#........##..#######....##..#
#.........#...### #....#...#
###.........#.....####....#...#
#...........#..................
#...........###########[#######
#...#######[...................
#...# #....######.#############
##### #.......hl)g##### ####
#.......#####...######...
#.......'...'...'....'...
#.......#####...######...
#####...# #...# #... #...#
#...# #... #...# ####### ####
###.###~~~~~## #.##~~~~~~~#


You could see an iguana and a gnoll.

Vanquished Creatures
  2 orc wizards (D:3)
  A gnoll (D:3)
  4 adders
  3 dart slugs
  A worm (D:3)
  8 orcs (D:3)
  6 bats
  6 endoplasms
  2 giant cockroaches
  8 goblins
  8 hobgoblins
  3 jackals (D:2)
  2 kobolds (D:1)
  5 quokkas
  14 ball pythons
  5 frilled lizards
  11 rats
89 creatures vanquished.

Notes
Turn   | Place    | Note
-------+----------+-------------------------------------------
     0 | D:1      | Descartes the Felid Shapeshifter began the quest for the
                  | Orb.
     0 | D:1      | Reached XP level 1. HP: 9/9 MP: 2/2
   156 | D:1      | Reached XP level 2. HP: 12/12 MP: 3/3
   218 | D:1      | Reached skill level 1 in Stealth
   877 | D:1      | Reached XP level 3. HP: 15/15 MP: 4/4
  1557 | D:2      | Reached XP level 4. HP: 14/19 MP: 5/5
  1771 | D:3      | Reached skill level 4 in Unarmed Combat
  2076 | D:3      | Found a shimmering blue altar of Sif Muna.
  2110 | D:3      | Killed from afar by an orc priest
  2111 | D:3      | Reached XP level 3. HP: -1/16 MP: 4/4
  2172 | D:3      | Reached XP level 4. HP: 19/19 MP: 5/5
  2243 | D:3      | Identified the +1 dagger of the Enemy {vamp, rPois Will++}
  2614 | D:4      | Noticed Sigmund
  2737 | D:3      | Reached XP level 5. HP: 7/22 MP: 6/6
  2739 | D:3      | Slain by an iguana

Illustrated notes

Levels and vault maps discovered:
D:1:      onia_arrival_mini_maze, layout_rooms, serial_co_window_serial,
          co_window_cross_1, co_window_of_opportunity_a, co_window_cross_1,
          co_window_cross_1, co_window_paths_a, co_window_corner_b,
          co_window_broadway_c, co_window_paths_c, co_window_paths_c,
          co_window_broadway_b, co_window_broadway_b, co_window_4corner_b,
          glass_columns_c, glass_columns_a, minmay_pentomino_q4
D:2:      layout_basic, st_stairs_1, minivault_25,
          chequers_serial_rivers_large_b
D:3:      minmay_recursive_quarters, layout_basic, led_sif_pool
D:4:      layout_cave_pools, serial_shops, shop, grunt_ministairs_10,
          minmay_three_crescents, uniq_sigmund

Skill      XL: |  1  2  3  4 |
---------------+-------------+-----
Dodging        | 3 |  3.9
Stealth        | 1 2 |  2.7
Unarmed Combat | 4 |  4.5
Fighting       | 2 |  2.1
Shapeshifting  | |  3.8

Action                     |  1- 3 |  4- 6 || total
---------------------------+-------+-------++-------
  Melee: Unarmed           |    92 |   100 ||   192
         Bite              |     8 |    11 ||    19
         Punch             |       |     1 ||     1
   Stab: Sleeping          |     7 |     2 ||     9
         Distracted        |     1 |       ||     1
 Armour: Skin              |     4 |    13 ||    17
  Dodge: Dodged            |    60 |   115 ||   175

Table legend: (Time is in decaauts)
 A = Elapsed time spent in this place.
 B = Non-inter-level travel time spent in this place.
 C = Inter-level travel time spent in this place.
 D = Time resting spent in this place.
 E = Time spent auto-exploring this place.
 F = Levels seen in this place.
 G = Mean time per level.
                   A        B        C        D        E       F      G
               +--------+--------+--------+--------+--------+-----+--------+
         Total |   2304 |   2210 |     94 |      4 |   1719 |   4 |  576.0 |
       Dungeon |   2304 |   2210 |     94 |      4 |   1719 |   4 |  576.0 |
               +--------+--------+--------+--------+--------+-----+--------+

Top non-repeatable levels by time:
     D:1: 836 daAuts
     D:3: 816 daAuts
     D:2: 629 daAuts
     D:4: 22 daAuts
